 Dungeon Crawl Stone Soup version 0.28-a0-537-g3bccd9ccbf (webtiles) character file.

Game seed: 12872970940829789410

246 speeev33 the Skirmisher (level 6, 0/40 HPs)
             Began as a Gargoyle Fighter on Sept 28, 2021.
             Was an Initiate of Okawaru.
             Slain by Pikel (3 damage)
             ... on level 4 of the Dungeon.
             The game lasted 00:03:10 (2813 turns).

speeev33 the Skirmisher (Gargoyle Fighter)          Turns: 2813, Time: 00:03:10

Health: 0/40       AC: 16    Str: 21    XL:     6   Next: 11%
Magic:  6/6        EV:  7    Int:  9    God:    Okawaru [......]
Gold:   33         SH:  4    Dex:  9    Spells: 5/5 levels left

rFire   . . .      SeeInvis .   a - +0 flail
rCold   . . .      Faith    +   c - +0 buckler
rNeg    + . .      Spirit   .   n - +0 chain mail
rPois   ∞          Reflect  .   i - +2 hat
rElec   +          Harm     .   (no cloak)
rCorr   .          Rampage  .   (no gloves)
Will    .....                   (no boots)
Stlth   ..........              g - amulet of faith
HPRegen 0.13/turn               (no ring)
MPRegen 0.10/turn               (no ring)

@: mighty
A: sickness immunity, AC +4, negative energy resistance 1, electricity
resistance, torment resistance 1, petrification resistance
a: Renounce Religion


You were on level 4 of the Dungeon.
You worshipped Okawaru.
Okawaru was noncommittal.
You visited 1 branch of the dungeon, and saw 4 of its levels.

You collected 33 gold pieces.

Inventory:

Hand Weapons
 a - a +0 flail (weapon)
Armour
 c - a +0 buckler (worn)
 i - a +2 hat (worn)
 n - a +0 chain mail (worn)
Jewellery
 g - an amulet of faith (around neck)
 j - an amulet of the acrobat
Scrolls
 f - 2 scrolls of amnesia
 h - a scroll of teleportation
Potions
 e - a potion of brilliance {unknown}
 k - 2 potions of lignification {unknown}
 l - 2 potions of resistance {unknown}
 m - a potion of berserk rage {unknown}


   Skills:
 + Level 4.8 Fighting
 + Level 3.7 Maces & Flails
 + Level 4.7 Armour
 - Level 4.0 Shields


You had 5 spell levels left.
You didn't know any spells.
Your spell library contained the following spells:

 Spells                   Type           Power      Damage    Failure   Level
 Beastly Appendage        Tmut           0%         N/A       98%         1
 Wereblood                Tmut           0%         N/A       99%         2
 Spider Form              Tmut/Pois      0%         N/A       100%        3


Dungeon Overview and Level Annotations

Branches:
Dungeon (4/15)
 Temple: D:4-7

Altars:
Dithmenos
Elyvilon
Okawaru
Trog
Yredelemnul
The Shining One

Annotations:
D:4 Pikel


Innate Abilities, Weirdness & Mutations

You are immune to sickness and miasma.
Your stone body is resilient. (AC +4)
You are immune to poison.
You resist negative energy. (rN+)
You are resistant to electric shocks. (rElec)
You are resistant to unholy torment.
You are immune to petrification.


Message History

The lemure hits you.
You barely miss the lemure.
The lemure is severely wounded.
The lemure hits you but does no damage.
You sock the lemure!
You kill the lemure!
That felt strangely unrewarding.
You sock the orc!
You kill the orc!
Okawaru accepts your kill.
Your chain mail prevents you from hitting Pikel.
Pikel hits you with a +2 whip of flaming!
Pikel burns you.
A lemure comes into view.
You block Pikel's attack.
You hit Pikel.
Pikel is lightly wounded.
Pikel hits you but does no damage.
You closely miss Pikel.
Pikel is lightly wounded.
An adder comes into view.
Pikel hits you but does no damage.
You barely miss Pikel.
Pikel is lightly wounded.
The adder hisses angrily.
Pikel hits you but does no damage.
A lemure comes into view.
You sock Pikel!
Pikel is heavily wounded.
Pikel hits you with a +2 whip of flaming.
Pikel burns you.
You hit Pikel.
Pikel is heavily wounded.
Pikel hits you with a +2 whip of flaming!
Pikel burns you.
* * * LOW HITPOINT WARNING * * *
Pikel hits you with a +2 whip of flaming!
* * * LOW HITPOINT WARNING * * *
Pikel burns you.
You die...

#.###.#
####.#...#########
.....[>..........###
.###)#..............
. ##.#######........
. #(.)........##.###
.##..#######..##.###
.<)^.# #.).....#
....[# #.###@#.....
##.#.# #.# #K# ##.
#)#.# #.# #5# .....#
#.# #5# ##.### #.#
#S# #.# #.. .5. #.#
## ### #.# #.#


You could see Pikel, 3 lemures and an adder.

Vanquished Creatures
  A lemure (D:4)
  A scorpion (D:4)
  A hound (D:3)
  Terence (D:3)
  3 gnolls (D:3)
  3 adders
  An ufetubus (D:4)
  2 worms (D:3)
  6 orcs
  5 ball pythons (D:1)
  3 endoplasms
  4 giant cockroaches
  5 goblins
  5 hobgoblins
  3 jackals (D:1)
  5 kobolds
  3 quokkas
  5 bats
  A frilled lizard (D:2)
  8 rats
66 creatures vanquished.

Notes
Turn   | Place    | Note
-------+----------+-------------------------------------------
     0 | D:1      | speeev33 the Gargoyle Fighter began the quest for the Orb.
     0 | D:1      | Reached XP level 1. HP: 14/14 MP: 1/1
   108 | D:1      | Reached XP level 2. HP: 19/19 MP: 2/2
   418 | D:1      | Reached XP level 3. HP: 23/23 MP: 3/3
  1067 | D:2      | Found a faded altar of an unknown god.
  1336 | D:2      | Reached XP level 4. HP: 29/29 MP: 4/4
  1648 | D:3      | Found a glowing golden altar of the Shining One.
  1652 | D:3      | Found a shadowy altar of Dithmenos.
  1673 | D:3      | Found a white marble altar of Elyvilon.
  1675 | D:3      | Found a basalt altar of Yredelemnul.
  1870 | D:3      | Found an iron altar of Okawaru.
  1870 | D:3      | Found a bloodstained altar of Trog.
  1879 | D:3      | Became a worshipper of Warmaster Okawaru
  1948 | D:3      | Reached XP level 5. HP: 32/33 MP: 5/5
  2273 | D:3      | Noticed Terence
  2297 | D:3      | Killed Terence
  2608 | D:4      | Reached XP level 6. HP: 32/40 MP: 6/6
  2801 | D:4      | Noticed Pikel
  2813 | D:4      | Slain by Pikel

Illustrated notes

Levels and vault maps discovered:
D:1:      eino_arrival_druids_welcome, layout_basic,
          amcnicky_mini_rare_corridor_liquid, hangedman_decor_peaks_small
D:2:      layout_rooms, shapermc_ecumenical_altar_totnotflames, st_stairs_6
D:3:      layout_loops_corners, grunt_temple_overflow_bloody_war,
          nicolae_overflow_hidden_temple, uniq_terence
D:4:      minmay_diamond_boxcup, layout_loops_ring, uniq_blork_the_orc,
          uniq_menkaure, uniq_pikel

Skill      XL: |  1  2  3  4 |
---------------+-------------+-----
Fighting       | 4 |  4.8
Shields        | 4 |  4.0
Maces & Flails | 3 |  3.7
Armour         | 4 |  4.7

Action                   |  1- 3 |  4- 6 || total
-------------------------+-------+-------++-------
Melee: Flail             |   118 |   123 ||   241
  Use: Scroll            |     2 |     1 ||     3
       Potion            |       |     1 ||     1
Armor: Scale mail        |    85 |    50 ||   135
       Chain mail        |       |     4 ||     4
Dodge: Dodged            |    88 |    56 ||   144
Block: Buckler           |    43 |    28 ||    71

Table legend: (Time is in decaauts)
 A = Elapsed time spent in this place.
 B = Non-inter-level travel time spent in this place.
 C = Inter-level travel time spent in this place.
 D = Time resting spent in this place.
 E = Time spent auto-exploring this place.
 F = Levels seen in this place.
 G = Mean time per level.
                   A        B        C        D        E       F      G
               +--------+--------+--------+--------+--------+-----+--------+
         Total |   2877 |   2804 |     73 |    422 |   1820 |   4 |  719.2 |
       Dungeon |   2877 |   2804 |     73 |    422 |   1820 |   4 |  719.2 |
               +--------+--------+--------+--------+--------+-----+--------+

Top non-repeatable levels by time:
     D:3: 1207 daAuts
     D:1: 796 daAuts
     D:2: 609 daAuts
     D:4: 263 daAuts
